 Dungeon Crawl Stone Soup version 0.29.1-15-g9cfb28693d (webtiles) character file.

Game seed: 14206526593952715291

112 Heoruswealwe the Magician (level 4, -2/24 HPs)
             Began as a Deep Elf Earth Elementalist on Apr 25, 2023.
             Slain by Eustachio
             ... wielding a +0 rapier
              (6 damage)
             ... on level 4 of the Dungeon.
             The game lasted 00:15:10 (1516 turns).

Heoruswealwe the Magician (DEEE)                    Turns: 1516, Time: 00:15:11

Health: -2/24      AC:  3    Str:  5    XL:     4   Next: 64%
Magic:  5/13       EV: 12    Int: 22    God:
Gold:   140        SH:  0    Dex: 15    Spells: 3/13 levels left

rFire   . . .      SeeInvis .   b - +1 dagger (speed)
rCold   . . .      Faith    .   (no shield)
rNeg    . . .      Spirit   .   c - +0 robe
rPois   .          Reflect  .   (no helmet)
rElec   .          Harm     .   (no cloak)
rCorr   .          Rampage  .   (no gloves)
Will    .....                   e - +0 pair of boots
Stlth   ++........              (no amulet)
HPRegen 0.08/turn               (no ring)
MPRegen 0.13/turn               (no ring)

@: no status effects
A: no striking features
a: no special abilities


You were on level 4 of the Dungeon.
You visited 1 branch of the dungeon, and saw 4 of its levels.

You collected 140 gold pieces.

Inventory:

Hand Weapons
 b - a +1 dagger of speed (weapon)
Armour
 c - a +0 robe (worn)
 e - a +0 pair of boots (worn)
 s - a +0 robe
Scrolls
 g - a scroll of teleportation
 i - a scroll of fog {unknown}
 l - a scroll of magic mapping
 m - a scroll of amnesia
 n - a scroll of blinking {unknown}
 p - a scroll of immolation {unknown}
 q - a scroll of poison {unknown}
Potions
 a - a potion of magic
 d - a potion of berserk rage {unknown}
 f - a potion of might {unknown}
 h - 2 potions of haste {unknown}
 j - a potion of heal wounds {unknown}
 k - a potion of resistance {unknown}
 o - a potion of attraction {unknown}
 r - 5 potions of degeneration {unknown}


   Skills:
 - Level 2.4 Dodging
 - Level 2.4 Stealth
 + Level 5.1 Spellcasting
 - Level 1.1 Transmutations
 + Level 4.8 Earth Magic


You had 3 spell levels left.
You knew the following spells:

 Your Spells              Type           Power      Damage    Failure   Level
a - Sandblast             Erth           54%        2d13      1%          1
b - Stone Arrow           Conj/Erth      32%        3d9       11%         3
c - Petrify               Tmut/Erth      18%        N/A       28%         4
z - Passwall              Tmut/Erth      15%        N/A       4%          2

Your spell library contained the following spells:

 Spells                   Type           Power      Damage    Failure   Level
 Beastly Appendage        Tmut           20%        N/A       6%          1
 Wereblood                Tmut           10%        N/A       10%         2
 Poisonous Vapours        Pois/Air       10%        N/A       16%         2
 Spider Form              Tmut/Pois      8%         N/A       24%         3
 Corpse Rot               Necr/Pois/Air  5%         N/A       69%         4


Dungeon Overview and Level Annotations

Branches:
Dungeon (4/15)
 Temple: D:4-7

Altars:
Dithmenos
Makhleb
Okawaru

Annotations:
D:4 Eustachio


Message History

You now have 140 gold pieces (gained 15).
You see here 12 gold pieces.
You see here 16 gold pieces.
There is an open door here.
A goblin comes into view. It is wielding a +0 dagger.
The blast of sand hits the rat!
You kill the rat!
The goblin shouts!
You hear an angry hiss.
Eustachio the Magnificent comes into view.
He is wielding a +0 rapier and carrying a wand of flame (16).
The blast of sand hits the goblin!
You kill the goblin!
Eustachio shouts!
You hear an angry hiss.
A ball python comes into view.
The blast of sand misses Eustachio.
The blast of sand hits Eustachio but does no damage.
The blast of sand misses Eustachio.
The blast of sand hits the ball python!
You kill the ball python!
Eustachio casts a spell.
Eustachio hits you with a +0 rapier!
Casting: Sandblast (safe; 1% risk of failure)
Confirm with . or Enter, or press ? or * to list all spells.
Aiming: Sandblast (safe; 1% risk of failure)
Press: ? - help, Shift-Dir - straight line, f/p - Eustachio
Aim: Eustachio, wielding a +0 rapier, wearing a +0 leather armour and carrying a wand of flame (16) (76% to hit)
The blast of sand hits Eustachio!
Eustachio is moderately wounded.
The bat hits you but does no damage. x2; Eustachio zaps a wand.
The puff of flame hits you!
* * * LOW HITPOINT WARNING * * *
The river rat bites you.
* * * LOW HITPOINT WARNING * * *
Casting: Sandblast (safe; 1% risk of failure)
Confirm with . or Enter, or press ? or * to list all spells.
Aiming: Sandblast (safe; 1% risk of failure)
Press: ? - help, Shift-Dir - straight line, f/p - Eustachio
Aim: Eustachio, wielding a +0 rapier, wearing a +0 leather armour and carrying a wand of flame (15) (moderately wounded, 76% to hit)
The blast of sand hits Eustachio!
Eustachio is heavily wounded.
The bat hits you but does no damage. Eustachio hits you with a +0 rapier.
You die...

#.. #.#.....#.# #.... ##...
#.#....$#.#######....
......###.'.._..#.#..........
#........#.$$..#.#..........
PP....##..#..$..#............
..P.. ##.#######.#..........
♣.P. #.........###..####.#
≈~. #..r...######..# #.# ≈~
###.@..###..#..# #.# ~
###@...#..>...####..
#####...b†..............
........†##...#....####..
........).......##.# ##.
#..............###.# ...
#.....).......... .#.
#...........#.##.. ###.
#.................. #.


You could see Eustachio, a river rat (summoned) and a bat (summoned).

Vanquished Creatures
  A gnoll (D:1)
  2 adders
  3 dart slugs
  7 orcs (D:3)
  5 ball pythons
  6 bats
  5 endoplasms
  4 goblins
  9 hobgoblins
  3 jackals (D:1)
  6 kobolds
  3 quokkas
  2 frilled lizards (D:1)
  9 rats
65 creatures vanquished.

Vanquished Creatures (others)
  2 plants (D:4)
2 creatures vanquished.

Grand Total: 67 creatures vanquished

Notes
Turn   | Place    | Note
-------+----------+-------------------------------------------
     0 | D:1      | Heoruswealwe the Deep Elf Earth Elementalist began the
                  | quest for the Orb.
     0 | D:1      | Reached XP level 1. HP: 10/10 MP: 6/6
    76 | D:1      | Reached XP level 2. HP: 15/15 MP: 0/8
    79 | D:1      | Learned a level 2 spell: Passwall
   217 | D:1      | Reached skill level 4 in Spellcasting
   224 | D:1      | Reached XP level 3. HP: 15/19 MP: 4/10
   369 | D:1      | Found a faded altar of an unknown god.
   383 | D:1      | Prayed at the altar of an unknown god.
   383 | D:1      | Became a worshipper of Makhleb the Destroyer
   383 | D:1      | Reached * piety under Makhleb
   384 | D:1      | Fell from the grace of Makhleb
   481 | D:1      | Learned a level 3 spell: Stone Arrow
   564 | D:1      | You fall into a shaft and drop 1 floor!
   604 | D:2      | Noticed a ynoxinul
   606 | D:2      | You fall into a shaft and drop 1 floor!
   884 | D:3      | Found a shadowy altar of Dithmenos.
   900 | D:3      | Reached XP level 4. HP: 24/24 MP: 10/12
   905 | D:3      | Learned a level 4 spell: Petrify
   923 | D:3      | Identified the +1 chain mail of Tomorrow {Contam Will+
                  | Str+2 Dex+3}
   924 | D:3      | Identified the +2 plate armour of Clean Leaves {rElec
                  | Str+4}
  1432 | D:4      | Reached skill level 5 in Spellcasting
  1438 | D:4      | Found an iron altar of Okawaru.
  1481 | D:4      | Noticed a scorpion
  1507 | D:4      | Noticed Eustachio
  1516 | D:4      | Slain by Eustachio

Illustrated notes

Levels and vault maps discovered:
D:1:      nzn_arrival_crosshair, layout_rooms,
          hellmonk_ecumenical_altar_heavens_door, reono_crystal_passage,
          kennysheep_another_room
D:2:      layout_basic, uniq_robin, uniq_jessica
D:3:      layout_basic, mainiacjoe_overflow_24_doors
D:4:      layout_rooms, amcnicky_altar_gilded, minmay_temple_entry_crystal_x,
          gammafunk_ghost_arena, guppyfry_early_lair_pool, uniq_eustachio,
          uniq_blork_the_orc

Skill      XL: |  1  2  3  4 |
---------------+-------------+-----
Spellcasting   | 4 5 |  5.1
Earth Magic    | 4 |  4.8
Dodging        | |  2.4
Stealth        | |  2.4
Transmutations | |  1.1

Action                   |  1- 3 |  4- 6 || total
-------------------------+-------+-------++-------
 Cast: Sandblast         |    56 |    34 ||    90
Invok: Renounce Religion |     1 |       ||     1
  Use: Scroll            |     1 |     2 ||     3
Armor: Robe              |     7 |     8 ||    15
Dodge: Dodged            |    10 |    12 ||    22
